 Dungeon Crawl Stone Soup version 0.19-a0-1247-gdb14cb7 (webtiles) character file.

710 Ayre the Gusty (level 7, -2/46 HPs)
             Began as a High Elf Air Elementalist on Aug 27, 2016.
             Succumbed to Edmund's poison
             ... on level 4 of the Dungeon.
             The game lasted 00:35:17 (3787 turns).

Ayre the Gusty (High Elf Air Elementalist)          Turns: 3787, Time: 00:35:18

Health: -2/46      AC:  6    Str:  8    XL:     7   Next: 40%
Magic:  9/14       EV: 20    Int: 19    God:
Gold:   164        SH:  0    Dex: 22    Spells: 5 memorised, 1 level left

rFire  . . .     SeeInvis .     D - +2 dagger (elec)
rCold  + . .     Gourm    .     a - +0 robe
rNeg   . . .     Faith    .     (no shield)
rPois  .         Spirit   .     p - +0 helmet
rElec  .         Dismiss  .     n - +0 cloak
rCorr  .         Reflect  .     t - +1 pair of gloves
MR     .....     Harm     .     (no boots)
Stlth  ++++...... Rnd*Tele +    (no amulet)
                                x - ring of teleportation (curse)
                                f - ring of protection from cold

@: agile, lethally poisoned (-2 -> -31), sluggish, repel missiles, very slow
A: hooves 1
a: no special abilities


You were on level 4 of the Dungeon.
You were not hungry.

You visited 1 branch of the dungeon, and saw 4 of its levels.

You collected 164 gold pieces.

Inventory:

Hand Weapons
 d - a +0 whip
 e - a +0 hand axe
 h - a +0 dagger
 i - a +2 long sword of draining
 o - a +0 spear
 u - a +1 dagger
 w - a +3 quarterstaff of chaos
 D - a +2 dagger of electrocution (weapon)
 H - a +0 short sword
Missiles
 k - 34 sling bullets
 l - 206 stones
 m - 21 arrows
 y - 4 tomahawks (quivered)
 F - 2 silver javelins
Armour
 a - a +0 robe (worn)
 n - a +0 cloak (worn)
 p - a +0 helmet (worn)
 t - a +1 pair of gloves (worn)
 B - a cursed +0 leather armour
Jewellery
 f - a ring of protection from cold (left hand)
 v - an uncursed ring of protection from magic {unknown}
 x - a cursed ring of teleportation (right hand)
 E - an uncursed ring of see invisible {unknown}
Scrolls
 j - 6 scrolls of identify
 s - a scroll of enchant weapon
 G - a scroll of blinking
Potions
 q - 2 potions of agility
Books
 b - a book of Air

   Spells                             Type                      Level
   a - Shock                          Conjuration/Air              1
   b - Swiftness                      Charms/Air                   2
   c - Repel Missiles                 Charms/Air                   2
   d - Static Discharge               Conjuration/Air              3
   e - Lightning Bolt                 Conjuration/Air              5
Comestibles
 c - 2 bread rations
 r - 4 chunks of flesh
 z - a beef jerky
 C - 2 royal jellies


   Skills:
 + Level 3.0 Fighting
 + Level 2.0(2.4) Short Blades
 + Level 2.1(2.5) Long Blades
 + Level 0.0 Armour
 + Level 4.0 Dodging
 - Level 3.1 Stealth
 + Level 4.0 Spellcasting
 + Level 2.3 Conjurations
 + Level 3.6 Charms
 * Level 5.2 Air Magic


You had one spell level left.
You knew the following spells:

 Your Spells              Type           Power        Failure   Level  Hunger
a - Shock                 Conj/Air       ###.         3%          1    None
b - Repel Missiles        Chrm/Air       ###...       4%          2    ##.....
c - Swiftness             Chrm/Air       ###.....     4%          2    ##.....
d - Static Discharge      Conj/Air       ###.....     12%         3    ###....
e - Lightning Bolt        Conj/Air       ###.......   85%         5    ######.


Dungeon Overview and Level Annotations

Branches:
Dungeon (4/15)             Temple (0/1) D:4

Altars:

Annotations:
D:4 Edmund


Innate Abilities, Weirdness & Mutations

You have large cloven feet.


Message History

Edmund hits you with a dire flail of venom!
You are more poisoned.
You barely miss Edmund.
Edmund is heavily wounded.
You feel very sick.
Edmund hits you with a dire flail of venom.
* * * LOW HITPOINT WARNING * * *
* * * LOW HITPOINT WARNING * * *
You feel sick.
You feel sluggish.
* * * LOW HITPOINT WARNING * * *
You feel very sick.
Your magical contamination has completely faded away.
You feel agile all of a sudden.
* * * LOW HITPOINT WARNING * * *
You feel sick.
* * * LOW HITPOINT WARNING * * *
You feel very sick. Edmund completely misses you.
You die...

########
#..@.@.#
#.####.#
#.####.#
#.#<...#########
#.###...........
#...'...........
#####..>........
#.........>.
#...........


You could see Edmund.

Vanquished Creatures
  2 ogres (D:4)
  A phantom (D:4)
  A scorpion (D:4)
  A howler monkey (D:4)
  Crazy Yiuf (D:2)
  An orc priest (D:4)
  A gnoll shaman (D:4)
  An iguana (D:4)
  Ijyb (D:3)
  A worker ant (D:4)
  Robin (D:2)
  3 gnolls (D:4)
  5 adders
  An ooze (D:4)
  3 worms
  4 dart slugs
  3 giant geckos
  5 orcs (D:4)
  A ball python (D:4)
  6 bats
  8 giant cockroaches
  19 goblins
  11 hobgoblins
  7 jackals (D:1)
  6 kobolds
  2 quokkas
  5 giant newts
  4 rats
105 creatures vanquished.

Notes
Turn   | Place    | Note
-------+----------+-------------------------------------------
     0 | D:1      | Ayre the High Elf Air Elementalist began the quest for the Orb.
     0 | D:1      | Reached XP level 1. HP: 11/11 MP: 4/4
    84 | D:1      | Reached skill level 4 in Air Magic
   150 | D:1      | Reached XP level 2. HP: 18/18 MP: 0/6
   168 | D:1      | Learned a level 2 spell: Repel Missiles
   171 | D:1      | Learned a level 2 spell: Swiftness
   665 | D:1      | Reached XP level 3. HP: 19/22 MP: 5/8
   849 | D:1      | Reached skill level 1 in Fighting
  1012 | D:2      | Noticed Robin
  1049 | D:1      | Reached skill level 1 in Charms
  1310 | D:2      | Killed Robin
  1460 | D:2      | Reached XP level 4. HP: 17/28 MP: 3/9
  1774 | D:2      | Found a runed door.
  1779 | D:2      | Learned a level 3 spell: Static Discharge
  1782 | D:2      | Noticed Crazy Yiuf
  1788 | D:2      | Killed Crazy Yiuf
  2033 | D:3      | Reached XP level 5. HP: 34/34 MP: 10/10
  2074 | D:3      | Reached skill level 1 in Short Blades
  2333 | D:3      | Noticed Ijyb
  2340 | D:3      | Killed Ijyb
  2665 | D:4      | Noticed an ogre
  2942 | D:4      | Reached XP level 6. HP: 31/39 MP: 12/12
  3109 | D:4      | Reached skill level 1 in Long Blades
  3297 | D:4      | Reached skill level 5 in Air Magic
  3446 | D:4      | Reached XP level 7. HP: 45/45 MP: 13/13
  3515 | D:4      | Learned a level 5 spell: Lightning Bolt
  3717 | D:4      | Noticed Edmund
  3751 | D:4      | Gained mutation: You have large cloven feet. [potion of beneficial mutation]
  3758 | D:4      | Found a staircase to the Ecumenical Temple.
  3786 | D:4      | HP: 2/46 [poisoned by Edmund]
  3787 | D:4      | Succumbed to Edmund's poison

Vault maps used:
D:1:      matt_arrival_los_fun, serial_bayou_crossing
D:2:      first_bread, minmay_misc_feat_four_crosses, minmay_pentomino_t2,
          uniq_crazy_yiuf_cottage, uniq_robin
D:3:      corexii_hall_statues_s, hangedman_decor_riveting,
          hangedman_decor_growths, uniq_iyjb
D:4:      uniq_edmund

Skill      XL: |  1  2  3  4  5  6  7 |
---------------+----------------------+-----
Air Magic      | 4 5 |  5.2
Fighting       | 1 2 3 |  3.0
Charms         | 1 2 3 |  3.6
Spellcasting   | 3 4 |  4.0
Conjurations   | 2 |  2.3
Short Blades   | 1 2 |  2.0
Dodging        | 3 4 |  4.0
Stealth        | 3 |  3.1
Long Blades    | 1 2 |  2.1

Action                   |  1- 3 |  4- 6 |  7- 9 || total
-------------------------+-------+-------+-------++-------
Melee: Unarmed           |     6 |       |       ||     6
       Hand axe          |    26 |       |       ||    26
       Whip              |     1 |       |       ||     1
       Spear             |    12 |     1 |       ||    13
       Dagger            |       |   103 |    15 ||   118
       Kick              |       |       |     4 ||     4
Throw: Stone             |    10 |     1 |       ||    11
       Tomahawk          |       |     1 |       ||     1
 Cast: Shock             |    74 |    79 |    31 ||   184
       Repel Missiles    |     1 |       |       ||     1
       Swiftness         |     1 |     1 |     1 ||     3
  Use: Scroll            |       |     7 |       ||     7
       Potion            |       |     6 |     2 ||     8
 Stab: Sleeping          |     3 |    10 |       ||    13
       Distracted        |     1 |       |       ||     1
  Eat: Chunk             |     2 |     7 |     1 ||    10
Armor: Robe              |    16 |    24 |     5 ||    45
Dodge: Dodged            |    53 |    68 |    12 ||   133
       Deflected         |       |     1 |       ||     1
